 Dungeon Crawl Stone Soup version 0.28.0 (webtiles) character file.

Game seed: 15474270084281603651

36 Prodoman the Magician (level 3, -3/24 HPs)
             Began as a Demonspawn Hedge Wizard on Feb 4, 2022.
             Slain by a shadow imp (4 damage)
             ... summoned by Natasha
             ... on level 2 of the Dungeon.
             The game lasted 00:07:00 (2192 turns).

Prodoman the Magician (Demonspawn Hedge Wizard)     Turns: 2192, Time: 00:07:01

Health: -3/24      AC:  2    Str: 10    XL:     3   Next: 19%
Magic:  0/7        EV: 12    Int: 23    God:
Gold:   79         SH:  0    Dex: 12    Spells: 3/8 levels left

rFire   . . .      SeeInvis .   a - +0 dagger
rCold   . . .      Faith    .   (no shield)
rNeg    . . .      Spirit   .   b - +0 robe
rPois   .          Reflect  .   c - +0 hat
rElec   .          Harm     .   (no cloak)
rCorr   .          Rampage  .   (no gloves)
Will    .....                   (no boots)
Stlth   ++........              (no amulet)
HPRegen 0.08/turn               d - +6 ring of intelligence
MPRegen 0.10/turn               (no ring)

@: no status effects
A: demonic touch 1
a: no special abilities


You were on level 2 of the Dungeon.
You visited 1 branch of the dungeon, and saw 2 of its levels.

You collected 79 gold pieces.

Inventory:

Hand Weapons
 a - a +0 dagger (weapon)
 g - a +0 trident
Armour
 b - a +0 robe (worn)
 c - a +0 hat (worn)
 f - a +4 scale mail
Jewellery
 d - a +6 ring of intelligence (left hand)
Scrolls
 h - 2 scrolls of identify {unknown}


   Skills:
 + Level 2.0 Dodging
 + Level 2.1 Stealth
 * Level 3.4 Spellcasting
 + Level 1.3 Conjurations
 + Level 0.2 Hexes
 + Level 1.3 Summonings
 + Level 1.2 Translocations


You had 3 spell levels left.
You knew the following spells:

 Your Spells              Type           Power      Damage    Failure   Level
a - Magic Dart            Conj           40%        1d5       6%          1
b - Slow                  Hex            16%        N/A       11%         1
c - Mephitic Cloud        Conj/Pois/Air  5%         N/A       28%         3

Your spell library contained the following spells:

 Spells                   Type           Power      Damage    Failure   Level
 Blink                    Tloc           18%        N/A       10%         2
 Call Imp                 Summ           10%        N/A       10%         2
 Conjure Flame            Conj/Fire      6%         6-21      26%         3


Dungeon Overview and Level Annotations

Branches:
Dungeon (2/15)

Altars:

Annotations:
D:2 Natasha


Innate Abilities, Weirdness & Mutations

Your touch may inflict minor irresistible damage on your foes.


Message History

Hit: a) +0 dagger
Press: ? - help, Dir - move target, f/p - Natasha
Aim: Natasha (severely wounded, about 45% to evade your +0 dagger)
You closely miss Natasha.
Natasha is severely wounded.
Natasha claws you!
Hit: a) +0 dagger
Press: ? - help, Dir - move target, f/p - Natasha
Aim: Natasha (severely wounded, about 45% to evade your +0 dagger)
You closely miss Natasha.
Natasha is severely wounded.
Natasha claws you.
* * * LOW HITPOINT WARNING * * *
Casting: Magic Dart (safe; 6% risk of failure)
Confirm with . or Enter, or press ? or * to list all spells.
Aiming: Magic Dart (safe; 6% risk of failure)
Press: ? - help, Shift-Dir - straight line, f/p - Natasha
Aim: Natasha (severely wounded, 100% to hit)
The magic dart hits Natasha.
Natasha is almost dead.
Natasha casts a spell.
You aren't carrying any potions.
As you read the scroll labelled COESMA CUONEAS, it crumbles to dust.
You hear a loud clanging noise!
It was a scroll of noise.
You hear a shout! x3
Natasha closely misses you. The shadow imp barely misses you.
Casting: Magic Dart (safe; 6% risk of failure)
Confirm with . or Enter, or press ? or * to list all spells.
You don't have enough magic to cast this spell.
Hit: a) +0 dagger
Press: ? - help, Dir - move target, f/p - Natasha
Aim: Natasha (almost dead, about 45% to evade your +0 dagger)
You hit Natasha.
Natasha is almost dead.
Natasha stares at you and mumbles some strange words.
The magic dart hits you.
* * * LOW HITPOINT WARNING * * *
The shadow imp hits you.
You die...

... #.# .....# #.#
#.#..# . ♣♣##.# #.#..#
.# ♣♣.##.#####.#..#..##
#...................
#####...###.###.#.#...#
.................5....#
######..........@.#.
######.#####h# #.# 5..
#.# .#..# #.# .#....
#.# .. >##. #. .# # #.
.#


You could see Natasha and 2 shadow imps.

Vanquished Creatures
  A dart slug (D:1)
  4 endoplasms
  2 giant cockroaches
  3 goblins (D:1)
  5 hobgoblins (D:1)
  6 kobolds (D:1)
  3 ball pythons (D:1)
  3 bats (D:1)
  A frilled lizard (D:1)
  3 rats
31 creatures vanquished.

Notes
Turn   | Place    | Note
-------+----------+-------------------------------------------
     0 | D:1      | Prodoman the Demonspawn Hedge Wizard began the quest for
                  | the Orb.
     0 | D:1      | Reached XP level 1. HP: 13/13 MP: 4/4
    86 | D:1      | Reached skill level 1 in Translocations
   540 | D:1      | Gained mutation: Your touch may inflict minor irresistible
                  | damage on your foes. [demonic ancestry]
   540 | D:1      | Reached XP level 2. HP: 9/19 MP: 1/6
  1178 | D:1      | Learned a level 1 spell: Slow
  1764 | D:1      | Reached XP level 3. HP: 23/24 MP: 7/7
  1788 | D:1      | Learned a level 3 spell: Mephitic Cloud
  2179 | D:2      | Noticed Natasha
  2192 | D:2      | HP: 1/24 [Natasha/magic dart (4)]
  2192 | D:2      | Slain by a shadow imp

Illustrated notes

Levels and vault maps discovered:
D:1:      minmay_arrival_wavy_path, layout_basic, minivault_5
D:2:      layout_basic, shapermc_ecumenical_altar_totnotflames, uniq_jessica,
          uniq_natasha

Skill      XL: |  1  2  3 |
---------------+----------+-----
Translocations | 1 |  1.2
Stealth        | 2 |  2.1
Dodging        | 2 |  2.0
Spellcasting   | |  3.4
Conjurations   | |  1.3
Hexes          | |  0.2
Summonings     | |  1.3

Action                   || total
-------------------------++-------
Melee: Dagger            ||    44
       Punch             ||     1
       Touch             ||     4
 Cast: Magic Dart        ||    72
  Use: Scroll            ||     1
Armor: Robe              ||     4
       Scale mail        ||     3
Dodge: Dodged            ||    34
